 Dungeon Crawl Stone Soup version 0.27.1-2-g3b301248ec (webtiles) character file.

Game seed: 14381761759928950558

368 pkoi the Slasher (level 6, 0/40 (45) HPs)
             Began as a Minotaur Gladiator on Sept 27, 2021.
             Succumbed to a scorpion's poison
             ... on level 4 of the Dungeon.
             The game lasted 00:03:46 (3861 turns).

pkoi the Slasher (Minotaur Gladiator)               Turns: 3861, Time: 00:03:46

HP:   0/40 (45)     AC:  5    Str: 20    XL:     6   Next: 41%
MP:   5/5           EV: 12    Int:  5    God:
Gold: 82            SH:  0    Dex: 12    Spells: 5/5 levels left

rFire    . . .     SeeInvis .   a - +0 long sword
rCold    + . .     Faith    .   (no shield)
rNeg     . . .     Spirit   .   b - +0 leather armour
rPois    .         Reflect  .   (helmet unavailable)
rElec    .         Harm     .   i - scarf {+Inv}
rCorr    .         Rampage  .   (no gloves)
Will     .....                  m - +1 pair of boots
Stlth    +.........             (no amulet)
HPRegen  0.13/turn              w - ring of protection from cold
MPRegen  0.09/turn              (no ring)

@: lethally poisoned (0 -> -5), attractive, hasted, heavily drained, very quick
A: horns 3, retaliatory headbutt, claws 1, frail 1
a: Evoke Invisibility


You were on level 4 of the Dungeon.
You visited 1 branch of the dungeon, and saw 4 of its levels.

You collected 82 gold pieces.

Inventory:

Hand Weapons
 a - a +0 long sword (weapon)
Missiles
 d - 3 throwing nets (quivered)
 k - 9 poisoned darts
Armour
 b - a +0 leather armour (worn)
 c - a +0 hat
 i - a scarf of invisibility (worn)
 m - a +1 pair of boots (worn)
Jewellery
 w - a ring of protection from cold (left claw)
Wands
 q - a wand of paralysis (3)
Scrolls
 t - a scroll of noise {unknown}
 u - 2 scrolls of identify {unknown}
 x - a scroll of enchant armour {unknown}
Potions
 e - a potion of mutation
 f - a potion of attraction
 l - 3 potions of flight {unknown}
 n - 2 potions of degeneration {unknown}
 r - a potion of curing {unknown}
 s - a potion of magic {unknown}
 v - a potion of ambrosia {unknown}


   Skills:
 + Level 3.0 Fighting
 * Level 7.1 Long Blades
 - Level 2.0 Throwing
 + Level 3.9 Armour
 + Level 3.5 Dodging
 + Level 0.7 Evocations


You had 5 spell levels left.
You didn't know any spells.
Your spell library contained the following spells:

 Spells                   Type           Power      Damage    Failure   Level
 Foxfire                  Conj/Fire      0%         2x1d4     52%         1
 Slow                     Hex            0%         N/A       67%         2
 Confusing Touch          Hex            0%         N/A       88%         3
 Conjure Flame            Conj/Fire      0%         6-21      88%         3
 Inner Flame              Hex/Fire       0%         N/A       88%         3
 Vampiric Draining        Necr           0%         2d6       88%         3


Dungeon Overview and Level Annotations

Branches:
Dungeon (4/15)
 Temple: D:4-7

Altars:

Annotations:
D:3 Pikel


Innate Abilities, Weirdness & Mutations

You have a pair of large horns on your head.
You reflexively headbutt those who attack you in melee.
You have sharp fingernails.
You are frail. (-10% HP)


Message History

You are poisoned.
The scorpion poisons you! The scorpion stings you!
You are more poisoned.
The scorpion poisons you!
You closely miss the scorpion.
The scorpion is severely wounded.
You feel very sick. The scorpion stings you.
* * * LOW HITPOINT WARNING * * *
Unknown command.
You closely miss the scorpion.
The scorpion is severely wounded.
* * * LOW HITPOINT WARNING * * *
You feel very sick. The scorpion barely misses you.
Unknown command.
You hit the scorpion. Your headbutt misses the scorpion.
The scorpion is severely wounded.
You feel sick. The scorpion stings you!
* * * LOW HITPOINT WARNING * * *
Unknown command.
You hit the scorpion. Your headbutt misses the scorpion.
The scorpion is almost dead.
* * * LOW HITPOINT WARNING * * *
You feel sick. The scorpion misses you. You furiously retaliate!
You headbutt the scorpion.
You kill the scorpion!
Your Fighting skill increases to level 3!
It was a potion of mutation.
You feel extremely strange.
Your fingernails lengthen.
You feel frail. The horns on your head grow some more.
Your +0 hat falls away!
* * * LOW HITPOINT WARNING * * *
You feel sick.
You feel yourself speed up.
* * * LOW HITPOINT WARNING * * *
You feel sick.
It was a potion of attraction.
You feel attractive to monsters.
You die...

............####..#
##....##......#....
#...#####......# #...#
#.....## #...# #.....#
##..## #.....## #...#
#......## ....#
#.......## .. ....##
##......@.## ..#
.....####..........##..#
.###..#...####......#..#
.# ##...### ##.......#
.# #..## ##......# ##
#..# #.)....# ### #..#
##..##..# ..###..# ##.##
##. #......#### ##.##


There were no monsters in sight!

Vanquished Creatures
  Purgy (D:3)
  2 lemures (D:4)
  A scorpion (D:4)
  A centaur skeleton (D:2)
  Ijyb (D:2)
  An orc wizard (D:3)
  3 gnolls
  3 adders
  A worm (D:2)
  5 dart slugs
  4 orcs
  5 ball pythons
  5 bats
  7 endoplasms
  5 giant cockroaches
  11 goblins
  6 hobgoblins
  A quokka (D:2)
  A frilled lizard (D:3)
  4 kobolds
  7 rats
  A spectral goblin (D:3)
76 creatures vanquished.

Vanquished Creatures (others)
  4 plants (D:3)
4 creatures vanquished.

Grand Total: 80 creatures vanquished

Notes
Turn   | Place    | Note
-------+----------+-------------------------------------------
     0 | D:1      | pkoi the Minotaur Gladiator began the quest for the Orb.
     0 | D:1      | Reached XP level 1. HP: 18/18 MP: 0/0
   179 | D:1      | Reached skill level 4 in Long Blades
   238 | D:1      | Reached skill level 1 in Armour
   238 | D:1      | Reached XP level 2. HP: 25/25 MP: 1/1
  1136 | D:2      | Reached XP level 3. HP: 29/30 MP: 2/2
  1407 | D:2      | Reached skill level 5 in Long Blades
  1480 | D:2      | Reached XP level 4. HP: 36/37 MP: 3/3
  1567 | D:2      | Noticed Ijyb
  1568 | D:2      | Paralysed by Ijyb for 3 turns
  1585 | D:2      | Killed Ijyb
  1977 | D:3      | Noticed Purgy
  1987 | D:3      | Killed Purgy
  1988 | D:3      | Reached skill level 6 in Long Blades
  1988 | D:3      | Reached XP level 5. HP: 34/42 MP: 1/4
  2729 | D:2      | Reached XP level 6. HP: 50/50 MP: 5/5
  2754 | D:3      | Reached skill level 7 in Long Blades
  2964 | D:3      | Found a faded altar of an unknown god.
  3355 | D:4      | Noticed Pikel
  3859 | D:4      | Gained mutation: You have sharp fingernails. [potion of
                  | mutation]
  3859 | D:4      | Gained mutation: You are frail. (-10% HP) [potion of
                  | mutation]
  3859 | D:4      | Gained mutation: You have a pair of large horns on your
                  | head. [potion of mutation]
  3859 | D:4      | HP: 2/40 [poisoned by a scorpion]
  3861 | D:4      | Succumbed to a scorpion's poison

Illustrated notes

Levels and vault maps discovered:
D:1:      dpeg_arrival_tiny_f, layout_basic, minmay_heptomino_l4
D:2:      kennysheep_the_goblin_king, layout_basic, minmay_misc_feat_enclosed,
          chequers_serial_rivers_micro_b
D:3:      layout_loops_corners, dreamdust_ecumenical_altar_drowned_temple,
          grunt_ministairs_15, serial_bayou_lake_a, uniq_purgy
D:4:      layout_layer_cave, uniq_pikel, uniq_sigmund

Skill      XL: |  1  2  3  4  5  6 |
---------------+-------------------+-----
Long Blades    | 4 5 6 7 |  7.1
Armour         | 1 2 3 |  3.9
Fighting       | 3 |  3.0
Throwing       | |  2.0
Dodging        | |  3.5
Evocations     | |  0.7

Action                   |  1- 3 |  4- 6 || total
-------------------------+-------+-------++-------
Melee: Long sword        |    57 |   121 ||   178
       Headbutt          |     5 |    25 ||    30
 Abil: Evoke Invisibilit |       |     1 ||     1
  Use: Scroll            |       |     4 ||     4
       Potion            |       |     3 ||     3
Armor: Leather armour    |    18 |    30 ||    48
Dodge: Dodged            |    31 |    75 ||   106
       Rpst.: Long sword |     8 |    12 ||    20
